 Dungeon Crawl Stone Soup version 0.29-a0-231-g945431f764 (webtiles) character file.

Game seed: 9695630810270461156

102 Ajdolov the Bolt Thrower (level 5, -3/38 HPs)
             Began as a Formicid Hunter on Feb 28, 2022.
             Slain by an ogre
             ... wielding a +0 giant spiked club
              (15 damage)
             ... on level 3 of the Dungeon.
             The game lasted 00:04:30 (2220 turns).

Ajdolov the Bolt Thrower (Formicid Hunter)          Turns: 2220, Time: 00:04:30

Health: -3/38      AC:  3    Str: 17    XL:     5   Next: 6%
Magic:  5/5        EV: 11    Int: 10    God:
Gold:   88         SH:  0    Dex: 13    Spells: 4/4 levels left

rFire   . . .      SeeInvis +   a - +1 hand crossbow
rCold   . . .      Faith    .   (no shield)
rNeg    + . .      Spirit   .   p - +0 leather armour
rPois   .          Reflect  .   (helmet unavailable)
rElec   .          Harm     .   (no cloak)
rCorr   .          Rampage  .   (no gloves)
Will    .....                   (no boots)
Stlth   +.........              (no amulet)
HPRegen 0.12/turn               l - ring of positive energy
MPRegen 0.09/turn               (no ring)

@: no status effects
A: permanent stasis, dig shafts and tunnels, antennae 3, four strong arms
a: Dig, Shaft Self


You were on level 3 of the Dungeon.
You visited 1 branch of the dungeon, and saw 4 of its levels.

You collected 88 gold pieces.

Inventory:

Hand Weapons
 a - a +1 hand crossbow (weapon)
 b - a +2 antimagic whip
Armour
 p - a +0 leather armour (worn)
Jewellery
 g - an amulet of faith
 k - a ring of fire
 l - a ring of positive energy (left hand)
Scrolls
 c - a scroll of summoning {unknown}
 f - 5 scrolls of identify {unknown}
 h - a scroll of enchant weapon {unknown}
 j - a scroll of immolation {unknown}
 m - a scroll of noise {unknown}
 n - a scroll of torment {unknown}
Potions
 d - a potion of haste {unknown}
 e - a potion of brilliance {unknown}
 i - a potion of might {unknown}
 o - a potion of curing {unknown}


   Skills:
 - Level 2.1 Fighting
 + Level 6.0 Crossbows
 - Level 1.7 Dodging
 - Level 1.2 Stealth


You had 4 spell levels left.
You didn't know any spells.
Your spell library contained the following spells:

 Spells                   Type           Power      Damage    Failure   Level
 Animate Skeleton         Necr           0%         N/A       43%         1
 Pain                     Necr           0%         1d4       43%         1
 Shock                    Conj/Air       0%         1d3       43%         1
 Vampiric Draining        Necr           0%         2d6       80%         3


Dungeon Overview and Level Annotations

Branches:
Dungeon (4/15)
 Temple: D:4-7

Altars:

Shops:
D:1 *


Innate Abilities, Weirdness & Mutations

You cannot be hasted, slowed, berserked, paralysed or teleported.
You can dig through walls and to a lower floor.
You have a pair of large antennae on your head. (SInv)
Your four strong arms can wield two-handed weapons with a shield.


Message History

There is an open door here.
There is a stone staircase leading down here.
You climb downwards.
Found a dagger.
There is a stone staircase leading up here.
You sense a monster nearby.
An adder comes into view.
The adder hisses angrily.
You shoot a bolt. The bolt hits the adder.
The adder is heavily wounded.
You shoot a bolt. The bolt hits the adder!
You kill the adder!
Your Crossbows skill increases to level 6!
You have reached level 5!
An ogre comes into view. It is wielding a +0 giant spiked club.
The ogre shouts!
You don't know any spells.
Unknown command.
Okay, then.
There is a stone staircase leading up here.
You climb upwards.
There is a stone staircase leading down here.
Done exploring.
Done exploring.
You climb downwards.
The ogre hits you with a +0 giant spiked club!
There is a stone staircase leading up, spattered with blood here.
Really attack while wielding your +1 hand crossbow?
Okay, then.
Found a stone staircase leading down.
There is a dry fountain here.
You enter the shallow water.
Moving in this stuff is going to be slow.
There is a stone staircase leading up, spattered with blood here.
The ogre hits you with a +0 giant spiked club!!
* * * LOW HITPOINT WARNING * * *
You climb upwards.
There is a stone staircase leading down here.
The ogre hits you with a +0 giant spiked club!
You die...

####..### ###.......#
#......†#.# ########
#.#.###.#.# ..(...^####
#.#.#...#.# ######.#..#
#.#.#.###.#
#.#..###.#.....#.#
#.#....#.###.###.#
#.##.#...#.@.....#
######.#....###O#.#####
....##.#..#.#...#.#
....##.####.#.###'###
....##......#.......#
....##.#########....#
....############.>..#
....# #.......)....#
....# #............#


You could see an ogre.

Vanquished Creatures
  2 adders
  3 worms
  4 dart slugs
  An orc (D:3)
  8 bats
  6 endoplasms
  2 giant cockroaches (D:2)
  5 goblins
  6 hobgoblins
  4 jackals (D:1)
  2 quokkas (D:2)
  4 ball pythons
  6 frilled lizards
  3 kobolds
  8 rats
64 creatures vanquished.

Notes
Turn   | Place    | Note
-------+----------+-------------------------------------------
     0 | D:1      | Ajdolov the Formicid Hunter began the quest for the Orb.
     0 | D:1      | Reached XP level 1. HP: 16/16 MP: 1/1
   202 | D:1      | Reached XP level 2. HP: 22/22 MP: 2/2
   536 | D:1      | Found Epefumoa's General Store.
   623 | D:1      | Reached XP level 3. HP: 24/27 MP: 3/3
   623 | D:1      | Found a faded altar of an unknown god.
   656 | D:1      | Got Plato's Disquisition on Feathery Conjuration
   693 | D:1      | Reached skill level 5 in Crossbows
  1117 | D:2      | Reached XP level 4. HP: 33/33 MP: 4/4
  2099 | D:4      | Reached skill level 6 in Crossbows
  2099 | D:4      | Reached XP level 5. HP: 38/38 MP: 5/5
  2119 | D:4      | Noticed an ogre
  2220 | D:3      | Slain by an ogre

Illustrated notes

Levels and vault maps discovered:
D:1:      ncdulo_smallfort, layout_basic, shapermc_ecumenical_altar_rom_forum,
          serial_shops, nicolae_shop_stone, minmay_octomino_c4
D:2:      layout_loops_ring
D:3:      layout_basic, mainiacjoe_overflow_24_doors, serial_shops,
          nicolae_shop_temple_entry_statues_fountains, uniq_ijyb
D:4:      layout_basic, mainiacjoe_overflow_small_starburst, temple_statues,
          grunt_ministairs_3, fountainhead, uniq_natasha

Skill      XL: |  1  2  3  4 |
---------------+-------------+-----
Crossbows      | 5 6 |  6.0
Fighting       | |  2.1
Dodging        | |  1.7
Stealth        | |  1.2

Action                   |  1- 3 |  4- 6 || total
-------------------------+-------+-------++-------
 Fire: Hand crossbow     |   114 |    69 ||   183
 Abil: Dig               |     2 |       ||     2
Armor: Leather armour    |    34 |     1 ||    35
Dodge: Dodged            |    35 |     7 ||    42

Table legend: (Time is in decaauts)
 A = Elapsed time spent in this place.
 B = Non-inter-level travel time spent in this place.
 C = Inter-level travel time spent in this place.
 D = Time resting spent in this place.
 E = Time spent auto-exploring this place.
 F = Levels seen in this place.
 G = Mean time per level.
                   A        B        C        D        E       F      G
               +--------+--------+--------+--------+--------+-----+--------+
         Total |   2270 |   2163 |    107 |    242 |   1397 |   4 |  567.5 |
       Dungeon |   2270 |   2163 |    107 |    242 |   1397 |   4 |  567.5 |
               +--------+--------+--------+--------+--------+-----+--------+

Top non-repeatable levels by time:
     D:1: 966 daAuts
     D:2: 792 daAuts
     D:3: 380 daAuts
     D:4: 131 daAuts
